 Dungeon Crawl Stone Soup version 0.17.0 (webtiles) character file.

634 tetracat the Ducker (level 7, -6/48 HPs)
             Began as a Halfling Assassin on Nov 10, 2015.
             Mangled by an ice beast (13 damage)
             ... on level 4 of the Dungeon.
             The game lasted 00:08:53 (4829 turns).

tetracat the Ducker (Halfling Assassin)             Turns: 4829, Time: 00:08:53

Health: -6/48      AC: 19    Str: 11    XL:     7   Next: 79%
Magic:  7/7        EV:  9    Int: 10    God:
Gold:   260        SH:  0    Dex: 18    Spells: 0 memorised, 6 levels left

rFire  + . .     SeeInvis .     x - +0 falchion
rCold  . . .     Clarity  .     O - +8 chain mail "Ixuc" {rF+ MR+ Stlth-}
rNeg   . . .     SustAt   .     (shield restricted)
rPois  .         Gourm    .     u - +0 helmet
rElec  .         Spirit   .     d - +0 cloak
rCorr  .         Warding  .     n - +0 pair of gloves
rMut   .         Stasis   .     (no boots)
MR     +....                    (no amulet)
Stlth  ..........               (no ring)
                                (no ring)

@: somewhat resistant to hostile enchantments, extremely unstealthy
A: mutation resistance 1
a: no special abilities


You were on level 4 of the Dungeon.
You were not hungry.

You visited 1 branch of the dungeon, and saw 5 of its levels.

You collected 260 gold pieces.

Inventory:

Hand Weapons
 a - a +0 dagger of protection
 b - a +0 blowgun
 x - a +0 falchion (weapon)
 I - a +2 dagger
Missiles
 e - 65 poisoned needles
 f - a curare-tipped needle
 C - 6 tomahawks of returning (quivered)
 N - 2 throwing nets
Armour
 c - a +0 robe
 d - a +0 cloak (worn)
 i - a +0 shield
 n - a +0 pair of gloves (worn)
 s - a +1 robe of positive energy
 u - a +0 helmet (worn)
 O - the +8 chain mail "Ixuc" (worn) {rF+ MR+ Stlth-}
   (You found it on level 5 of the Dungeon)

   It protects you from fire.
   It affects your resistance to hostile enchantments.
   It makes you less stealthy.
Jewellery
 v - an uncursed ring of ice
Wands
 r - a wand of frost (20)
Scrolls
 k - 2 scrolls of enchant weapon {unknown}
 l - 7 scrolls of identify {unknown}
 m - a scroll of blinking {unknown}
 o - 2 scrolls of immolation {unknown}
 p - 2 scrolls of magic mapping {unknown}
 q - a scroll of random uselessness {unknown}
 w - a scroll of teleportation {unknown}
 y - 2 scrolls of recharging {unknown}
 F - 3 scrolls of noise {unknown}
 L - a scroll of fear {unknown}
Potions
 g - a potion of brilliance {unknown}
 h - a potion of heal wounds {unknown}
 j - 2 potions of might {unknown}
 t - a potion of cure mutation {unknown}
 z - a potion of mutation {unknown}
 B - a potion of curing {unknown}
 G - 2 potions of degeneration {unknown}
 H - 2 potions of agility {unknown}
 J - a potion of ambrosia {unknown}
Comestibles
 A - 2 beef jerkies
 D - a slice of pizza
 E - 3 bread rations
 K - 6 fruits


   Skills:
 - Level 4.1 Fighting
 - Level 4.0(5.3) Short Blades
 + Level 4.0(4.4) Long Blades
 - Level 2.1 Throwing
 - Level 5.0 Dodging
 - Level 4.3 Stealth


You had 6 spell levels left.
You didn't know any spells.

Dungeon Overview and Level Annotations

Branches:
Dungeon (5/15)
 Temple: D:4-7

Altars:
Cheibriados
Makhleb
Xom
The Shining One


Innate Abilities, Weirdness & Mutations

You are small and have problems with some larger weapons.
You are somewhat resistant to further mutation.


Message History

You hit the ice beast but do no damage.
The ice beast is heavily wounded.
The ice beast closely misses you. The ice beast hits you.
The ice beast freezes you!
* * * LOW HITPOINT WARNING * * *
You are too injured to fight recklessly!
You are too injured to fight recklessly!
You are too injured to fight recklessly!
You hit the ice beast.
The ice beast is heavily wounded.
The ice beast hits you but does no damage.
You hit the ice beast.
The ice beast is severely wounded.
The ice beast closely misses you.
You hit the ice beast but do no damage.
The ice beast is severely wounded.
The ice beast hits you.
* * * LOW HITPOINT WARNING * * *
The ice beast freezes you!
You die...

##....###..##.######
##....###..##.##...##
......#.....#<.<....#
......#.....'.......#
......'.....#..[....#
########.############
##....#######....#
##.......#.......#
##.......#.....Y@#
.........#.......#
†........#.......#
.........##...##.#
##.......#######.#########
##.......##..............#
##.......#...............#
##.......#...)...........#
.........##...##.####.##########


You could see an ice beast.

Vanquished Creatures
  A hungry ghost (D:3)
  A sky beast (D:5)
  2 hounds
  A giant frog skeleton (D:5)
  2 orc wizards (D:3)
  Jessica (D:2)
  2 worker ants
  Robin (D:2)
  3 adders
  A gnoll (D:4)
  An ooze (D:3)
  5 worms
  5 giant geckos
  16 orcs
  2 ball pythons
  3 giant cockroaches
  23 goblins
  12 hobgoblins
  4 jackals (D:4)
  10 kobolds
  A quokka (D:2)
  8 bats
  9 giant newts
  A quokka skeleton (D:4)
  5 rats
120 creatures vanquished.

Vanquished Creatures (others)
  An adder skeleton (D:5)
  A giant cockroach (D:5)
2 creatures vanquished.

Grand Total: 122 creatures vanquished

Notes
Turn   | Place    | Note
--------------------------------------------------------------
     0 | D:1      | tetracat the Halfling Assassin began the quest for the Orb.
     0 | D:1      | Reached XP level 1. HP: 14/14 MP: 1/1
    90 | D:1      | Reached XP level 2. HP: 16/19 MP: 2/2
   707 | D:2      | Noticed Jessica
   711 | D:2      | Killed Jessica
   711 | D:2      | Reached XP level 3. HP: 24/24 MP: 3/3
   798 | D:2      | Reached XP level 4. HP: 10/30 MP: 4/4
  1236 | D:2      | Noticed Robin
  1258 | D:2      | Killed Robin
  1785 | D:2      | Reached XP level 5. HP: 30/36 MP: 5/5
  2127 | D:3      | Found a snail-covered altar of Cheibriados.
  2129 | D:3      | Noticed a hungry ghost
  2203 | D:3      | Killed a hungry ghost
  2203 | D:3      | Reached XP level 6. HP: 19/43 MP: 6/6
  2688 | D:3      | Found a glowing golden altar of the Shining One.
  2750 | D:3      | Reached skill level 1 in Long Blades
  3015 | D:3      | Reached XP level 7. HP: 46/48 MP: 7/7
  3777 | D:4      | Reached skill level 5 in Dodging
  4224 | D:5      | Entered Level 5 of the Dungeon
  4247 | D:5      | Found a shimmering altar of Xom.
  4636 | D:5      | Found a burning altar of Makhleb.
  4688 | D:5      | Got a faintly humming chain mail
  4699 | D:5      | Identified the +8 chain mail "Ixuc" {rF+ MR+ Stlth-} (You found it on level 5 of the Dungeon)
  4829 | D:4      | Mangled by an ice beast

Action                   |  1- 3 |  4- 6 |  7- 9 || total
-------------------------+-------+-------+-------++-------
Melee: Dagger            |    87 |   260 |   228 ||   575
       Falchion          |       |       |    25 ||    25
 Fire: Blowgun           |       |    32 |    30 ||    62
 Stab: Sleeping          |     6 |     3 |     4 ||    13
       Distracted        |       |       |     1 ||     1
  Eat: Chunk             |       |     5 |     7 ||    12
       Meat ration       |       |     1 |       ||     1
       Bread ration      |       |     1 |       ||     1
